 Dungeon Crawl Stone Soup version 0.23.2-1-ga50397a (webtiles) character file.

Game seed: 3211449298171941305

232 Madoushi the Bolt Thrower (level 6, 0/47 HPs)
             Began as a Formicid Hunter on Apr 18, 2019.
             Succumbed to a worker ant's poison
             ... on level 4 of the Dungeon.
             The game lasted 00:13:27 (3348 turns).

Madoushi the Bolt Thrower (Formicid Hunter)         Turns: 3348, Time: 00:13:28

Health: 0/47       AC:  7    Str: 17    XL:     6   Next: 25%
Magic:  6/6        EV: 11    Int: 15    God:
Gold:   139        SH:  0    Dex: 12    Spells: 5/5 levels left

rFire    . . .     SeeInvis +   i - -2 dagger (curse)
rCold    . . .     Gourm    .   (no shield)
rNeg     . . .     Faith    .   k - +1 ring mail
rPois    .         Spirit   .   (helmet unavailable)
rElec    .         Reflect  .   l - +0 cloak (curse)
rCorr    .         Harm     .   (no gloves)
MR       .....                  (no boots)
Stlth    +.........             o - amulet of the acrobat
HPRegen  0.15/turn              w - +4 ring of intelligence
MPRegen  0.10/turn              (no ring)

@: lethally poisoned (0 -> -4)
A: permanent stasis, dig shafts and tunnels, four strong arms, antennae 3
a: Dig, Shaft Self


You were on level 4 of the Dungeon.
You were not hungry.

You visited 1 branch of the dungeon, and saw 4 of its levels.

You collected 139 gold pieces.

Inventory:

Hand Weapons
 a - a +2 hand crossbow
 b - a +0 short sword
 i - a cursed -2 dagger (weapon)
 q - a +0 blowgun
Missiles
 d - 12 bolts
 p - 3 tomahawks (quivered)
 s - 20 arrows
 t - 4 curare-tipped needles
Armour
 c - a +0 leather armour
 e - a +0 scale mail
 h - a +0 leather armour
 k - a +1 ring mail (worn)
 l - a cursed +0 cloak (worn)
 m - a +0 pair of gloves
Jewellery
 o - an amulet of the acrobat (around neck)
 w - a +4 ring of intelligence (left hand)
Scrolls
 g - 3 scrolls of amnesia
 r - 2 scrolls of enchant weapon
 v - a scroll of enchant armour
Comestibles
 f - 5 rations


   Skills:
 + Level 3.0 Fighting
 + Level 0.3 Short Blades
 + Level 6.2 Crossbows
 + Level 2.0 Armour
 + Level 2.0 Dodging
 + Level 1.8 Stealth


You had 5 spell levels left.
You didn't know any spells.
Your spell library was empty.

Dungeon Overview and Level Annotations

Branches:
Dungeon (4/15)
 Temple: D:4-7

Altars:
Ashenzari
Cheibriados
Hepliaklqana
Sif Muna
Yredelemnul


Innate Abilities, Weirdness & Mutations

You cannot be hasted, slowed, berserked, paralysed or teleported.
You can dig through walls and to a lower floor.
Your four strong arms can wield two-handed weapons with a shield.
You have a pair of large antennae on your head. (SInv)


Message History

You are near starving!
The worker ant closely misses you.
You begin to dig a shaft.
You continue digging a shaft.
The worker ant bites you.
* * * LOW HITPOINT WARNING * * *
You are lethally poisoned!
The worker ant poisons you! A shaft appears beneath you!
You fall through a shaft!
The shaft crumbles and collapses.
An adder comes into view.
* * * LOW HITPOINT WARNING * * *
You feel sick.
* * * LOW HITPOINT WARNING * * *
You feel sick.
* * * LOW HITPOINT WARNING * * *
You feel sick.
It was a potion of cancellation.
You feel magically purged.
You eat one of the 6 rations.
That ration really hit the spot!
You die...

#######
#..@..#
#.###.#
.... #
......#
#.##S...#
. ..####
... .##.


There were no monsters in sight!

Vanquished Creatures
  A phantom (D:3)
  A worker ant (D:2)
  A hound skeleton (D:3)
  5 adders
  2 worms (D:3)
  3 leopard geckos
  An orc (D:3)
  8 bats
  3 giant cockroaches
  6 goblins
  5 hobgoblins
  6 jackals
  5 kobolds
  A quokka (D:2)
  3 frilled lizards
  4 rats
55 creatures vanquished.

Notes
Turn   | Place    | Note
-------+----------+-------------------------------------------
     0 | D:1      | Madoushi the Formicid Hunter began the quest for the Orb.
     0 | D:1      | Reached XP level 1. HP: 16/16 MP: 1/1
   213 | D:1      | Reached XP level 2. HP: 21/22 MP: 2/2
   889 | D:2      | Reached XP level 3. HP: 27/27 MP: 3/3
   931 | D:2      | Found a hazy altar of Hepliaklqana.
  1190 | D:2      | Found a shattered altar of Ashenzari.
  1329 | D:2      | Found a snail-covered altar of Cheibriados.
  1334 | D:2      | Reached skill level 5 in Crossbows
  1411 | D:2      | Found a deep blue altar of Sif Muna.
  1545 | D:2      | Reached XP level 4. HP: 9/34 MP: 4/4
  1745 | D:3      | Reached skill level 1 in Armour
  1818 | D:3      | Noticed a phantom
  1828 | D:3      | Killed a phantom
  1828 | D:3      | Reached skill level 6 in Crossbows
  1828 | D:3      | Reached XP level 5. HP: 33/39 MP: 5/5
  1898 | D:3      | Found a basalt altar of Yredelemnul.
  1935 | D:3      | Reached XP level 6. HP: 42/46 MP: 6/6
  3344 | D:3      | You fall through a shaft!
  3345 | D:4      | HP: 2/47 [poisoned by a worker ant]
  3348 | D:4      | Succumbed to a worker ant's poison

Skill      XL: |  1  2  3  4  5  6 |
---------------+-------------------+-----
Crossbows      | 5 6 |  6.2
Armour         | 1 2 |  2.0
Dodging        | 2 |  2.0
Fighting       | 3 |  3.0
Short Blades   | |  0.3
Stealth        | |  1.8

Action                   |  1- 3 |  4- 6 || total
-------------------------+-------+-------++-------
Melee: Dagger            |       |   170 ||   170
 Fire: Hand crossbow     |    37 |    46 ||    83
 Abil: Shaft Self        |       |     1 ||     1
  Use: Scroll            |     4 |     3 ||     7
       Potion            |       |     3 ||     3
 Stab: Sleeping          |       |     2 ||     2
  Eat: Chunk             |     2 |     1 ||     3
       Ration            |       |     2 ||     2
Armor: Leather armour    |     1 |       ||     1
       Ring mail         |     1 |    83 ||    84
Dodge: Dodged            |     4 |   166 ||   170
